[Event "Late-Titled-Tuesday-Blitz-December-26-2023"]
[Site "Chess.com"]
[Date "2023.12.26"]
[Round "9"]
[White "Cambek64"]
[Black "Dewarfd"]
[Result "1-0"]
[WhiteElo "2415"]
[BlackElo "2113"]
[TimeControl "180+1"]
[EndTime "15:41:46 PST"]
[Termination "Cambek64 won by resignation"]

1. d4 d5 2. c4 e6 3. Nc3 c5 4.
cxd5 exd5 5. Nf3 Nc6 6. g3 Nf6 7. Bg2 cxd4 8. Nxd4 Bc5 9. Nxc6 bxc6 10. O-O O-O 11.
b3 Bg4 12. Bb2 Re8 13. Re1 Bb4 14. a3 Ba5 15. b4 Bb6 16. Na4 Bf5 17. Bd4 Be4 18.
e3 Bxg2 19. Kxg2 Ne4 20. Rc1 Bxd4 21. Qxd4 Rc8 22. Nc5 Nxc5 23. Rxc5 Re6 24. Rec1 Qe8 25. Qxd5 cxd5 26. Rxc8 h5 27. h4 g6 28. Rxe8+ Rxe8 29. Rc7 Rd8 30. Rxa7 d4 31. exd4 Rxd4 32. b5 Rd2 33. b6 Rb2 34. b7 Kg7 35. a4 1-0

[Event "Late-Titled-Tuesday-Blitz-December-26-2023"]
[Site "Chess.com"]
[Date "2023.12.26"]
[Round "9"]
[White "Walter_White_Poland"]
[Black "Defenstrator"]
[Result "0-1"]
[WhiteElo "2293"]
[BlackElo "2466"]
[TimeControl "180+1"]
[EndTime "15:41:48 PST"]
[Termination "Defenstrator won on time"]

1. d4 Nf6 2. Bf4 Nh5 3. Bd2 Nf6 4. Nf3 Ne4 5. Nc3 Nxd2 6. Qxd2 d5 7. e4 dxe4 8. Nxe4 Bf5 9. Ng3 Bg6 10. h4 h6 11. Bc4 e6 12. Ne5 Bh7 13. O-O-O Nd7 14. Nxf7 Kxf7 15. Rde1 Bd6 16. Rxe6 Kf8 17. Nh5 Bg8 18.
Rxd6 cxd6 19. Qf4+ Nf6 20. Bd3 Bf7 0-1

[Event "Late-Titled-Tuesday-Blitz-December-26-2023"]
[Site "Chess.com"]
[Date "2023.12.26"]
[Round "9"]
[White "OneTrickPony_82"]
[Black "lukazz029"]
[Result "1-0"]
[WhiteElo "2493"]
[BlackElo "2029"]
[TimeControl "180+1"]
[EndTime "15:41:51 PST"]
[Termination "OneTrickPony_82 won by resignation"]

1. d4 Nf6 2. c4 e6 3. Nf3 d5 4. Nc3 a6 5. cxd5 exd5 6. Bf4 Bd6 7. Be5 Nbd7 8. Bxd6 cxd6 9. Qd2 b5 10. Qg5 O-O 11. Nxd5 Bb7 12. Nxf6+ Nxf6 13. e3 Ne4 14. Qxd8 Rfxd8 15. Bd3 Rac8 16. Ke2 d5 17. Rhc1 f6 18. Bxe4 dxe4 19.
Nd2 Bd5 20. b4 f5 21. Rc5 Rxc5 22. dxc5 Be6 23. Nb3 Bc4+ 24. Ke1 Rd3 25. Nd4 g6 26. Rc1 Kf8 27. c6 Ke7 28. a4 Kd6 29. axb5 axb5 30.
c7 Kd7 31. Nxb5 1-0

[Event "Late-Titled-Tuesday-Blitz-December-26-2023"]
[Site "Chess.com"]
[Date "2023.12.26"]
[Round "9"]
[White "DanielNaroditsky"]
[Black "Shankland"]
[Result "0-1"]
[WhiteElo "3096"]
[BlackElo "2974"]
[TimeControl "180+1"]
[EndTime "15:42:05 PST"]
[Termination "Shankland won on time"]

1. e4 c5 2. Nf3 d6 3. Bb5+ Bd7 4. a4 Nf6 5. Nc3 g6 6. O-O Bg7 7. e5 dxe5 8. Nxe5 O-O 9. Nxd7 Nfxd7 10. Qf3 Nc6 11.
Bxc6 Ne5 12. Qd1 Nxc6 13. d3 Qd7 14. Re1 Rad8 15. Be3 b6 16. Qd2 Rfe8 17. Bh6 Bh8 18. Re4 f5 19. Rh4 Nd4 20. Re1 e5 21. Bg5 Rc8 22. h3 c4 23. dxc4 Rxc4 24. Qd3 Rec8 25. Nb5 e4 26. Qd1 Rxc2 27. Qb1 Rxb2 28. Qa1 Nxb5 29.
axb5 Rxf2 30. Qa4 Rcc2 31. Qb3+ Qf7 32. Qg3 Rxg2+ 33. Qxg2 Rxg2+ 34. Kxg2 Bf6 35. Bxf6 Qxf6 36. Re2 Qxh4 37. Kg1 Qxh3 38. Rd2 Qg3+ 39. Kh1 Qe1+ 0-1

[Event "Late-Titled-Tuesday-Blitz-December-26-2023"]
[Site "Chess.com"]
[Date "2023.12.26"]
[Round "9"]
[White "gahryman"]
[Black "ccccvhhhj"]
[Result "1-0"]
[WhiteElo "2655"]
[BlackElo "2497"]
[TimeControl "180+1"]
[EndTime "15:42:11 PST"]
[Termination "gahryman won on time"]

1. e4 e6 2. d4 d5 3. e5 c5 4.
Nf3 Nc6 5. Bd3 Bd7 6. O-O cxd4 7.
Nbd2 Bc5 8. Nb3 Bb6 9. h4 h6 10.
h5 Nge7 11. a4 a6 12. Re1 Qc7 13. Bd2 O-O-O 14. a5 Ba7 15. c3 dxc3 16. Bxc3 g5 17. Rc1 Kb8 18. Bb4 Nc8 19. Nfd4 Ka8 20. Nxc6 Bxc6 21. Bc5 Qd7 22. Nd4 Bxc5 23. Rxc5 Na7 24.
b4 Rc8 25. Qf3 Nb5 26. Bxb5 Bxb5 27. Qf6 Rh7 28. Rec1 Rxc5 29. Rxc5 Bd3 30. f3 Ka7 31. Kf2 Qa4 32. Qe7 Qxb4 33. Nc6+ 1-0

[Event "Late-Titled-Tuesday-Blitz-December-26-2023"]
[Site "Chess.com"]
[Date "2023.12.26"]
[Round "9"]
[White "TanitoluwaAps116"]
[Black "Mikhail_Golubev"]
[Result "1-0"]
[WhiteElo "2762"]
[BlackElo "2625"]
[TimeControl "180+1"]
[EndTime "15:42:12 PST"]
[Termination "TanitoluwaAps116 won on time"]

1. e4 c5 2. Nf3 d6 3. Bb5+ Bd7 4. Bxd7+ Nxd7 5. O-O Ngf6 6. Qe2 e6 7. b3 g6 8. c4 Bg7 9. Bb2 O-O 10. d4 cxd4 11.
Nxd4 Nh5 12. Rd1 d5 13. cxd5 exd5 14. exd5 Nb6 15. Nc3 Nxd5 16. Nf5 Bxc3 17. Rxd5 Nf4 18. Ne7+ Kg7 19. Bxc3+ f6 20. Qf3 Nxd5 21. Nxd5 Rc8 22. Rd1 1-0

[Event "Late-Titled-Tuesday-Blitz-December-26-2023"]
[Site "Chess.com"]
[Date "2023.12.26"]
[Round "9"]
[White "DinaBelenkaya"]
[Black "MasterofMasters2006"]
[Result "0-1"]
[WhiteElo "2360"]
[BlackElo "2094"]
[TimeControl "180+1"]
[EndTime "15:42:14 PST"]
[Termination "MasterofMasters2006 won by resignation"]

1. Nf3 Nf6 2. g3 g6 3. Bg2 Bg7 4. O-O O-O 5. d3 c5 6. e4 Nc6 7. Nc3 d5 8. e5 Ne8 9. Bf4 Bg4 10. Re1 e6 11. h3 Bxf3 12. Qxf3 h6 13. h4 g5 14.
hxg5 hxg5 15. Qg4 gxf4 16. gxf4 Nd4 17. Re3 f5 18. Qh5 Rf7 19. Rh3 Kf8 20. Kh2 Nxc2 21. Rg1 Nd4 22. Bh1 Qc7 23. Nb5 Nxb5 24. Rg6 Nd4 25.
Qh7 Ke7 26. Qg8 Bxe5 27. fxe5 Qxe5+ 28. Rhg3 Ne2 29. Bf3 Nxg3 30. fxg3 Rg7 31. Rxg7+ Qxg7 32. Qxg7+ Nxg7 0-1

[Event "Late-Titled-Tuesday-Blitz-December-26-2023"]
[Site "Chess.com"]
[Date "2023.12.26"]
[Round "9"]
[White "The_Straightforward_Rook"]
[Black "PawnEatingZombie"]
[Result "1-0"]
[WhiteElo "2406"]
[BlackElo "2100"]
[TimeControl "180+1"]
[EndTime "15:42:24 PST"]
[Termination "The_Straightforward_Rook won on time"]

1. e4 e6 2. Qe2 Be7 3. g3 d5 4.
d3 Nf6 5. Bg2 c5 6. Nf3 O-O 7. O-O Nc6 8. Nbd2 Qc7 9. Re1 b5 10.
c3 Bb7 11. Nf1 dxe4 12. dxe4 c4 13. h4 Nd7 14. e5 Nc5 15. Bf4 Nd3 16. Red1 Rad8 17.
Ne3 Bc5 18. a4 a6 19. axb5 axb5 20. h5 Nxf4 21. gxf4 f6 22. Ng4 fxe5 23. fxe5 Ne7 24. h6 Nf5 25. Rxd8 Rxd8 26. Rd1 gxh6 27. Nf6+ Kg7 28.
Rd7+ Rxd7 29. Ne8+ Kg8 30. Nxc7 Rxc7 31. Qd2 Be7 32. Nd4 Bxg2 33. Nxf5 Bg5 34. Nxh6+ 1-0

[Event "Late-Titled-Tuesday-Blitz-December-26-2023"]
[Site "Chess.com"]
[Date "2023.12.26"]
[Round "9"]
[White "Doraemon7"]
[Black "egnfanclub"]
[Result "1-0"]
[WhiteElo "2699"]
[BlackElo "2386"]
[TimeControl "180+1"]
[EndTime "15:42:26 PST"]
[Termination "Doraemon7 won on time"]

1. d4 d5 2. c4 c6 3. Nf3 Nf6 4. Nc3 e6 5. Bg5 dxc4 6. e4 b5 7. e5 h6 8. Bh4 g5 9. Bg3 Nd5 10. Be2 h5 11. h4 g4 12. Nd2 Nd7 13. Qc2 Bb7 14. Nde4 Nxc3 15. bxc3 c5 16. Rb1 Bc6 17. f3 cxd4 18. cxd4 Qa5+ 19. Kf2 Rg8 20. Rhf1 Be7 21.
Kg1 gxf3 22. Rxf3 Rg7 23. Rbf1 Qd8 24. Rf4 Nb6 25. Bxh5 Nd5 26. Rxf7 Rxf7 27. Rxf7 Kd7 28. Nc5+ Kc8 29. Nxe6 Qh8 30. Qf5 Bd7 31. Bf3 Ne3 32. Qe4 1-0

[Event "Late-Titled-Tuesday-Blitz-December-26-2023"]
[Site "Chess.com"]
[Date "2023.12.26"]
[Round "9"]
[White "vladoboch"]
[Black "WPWPWP-2015"]
[Result "0-1"]
[WhiteElo "2433"]
[BlackElo "2595"]
[TimeControl "180+1"]
[EndTime "15:42:26 PST"]
[Termination "WPWPWP-2015 won by resignation"]

1. e4 e5 2. Nf3 Nc6 3. Bc4 Nf6 4. d3 Be7 5. O-O O-O 6. Re1 d6 7. a4 Be6 8. Na3 h6 9. c3 Qd7 10. h3 a6 11. b4 Rae8 12. b5 Nb8 13. Qb3 a5 14. b6 c6 15. Bxe6 fxe6 16. Nc4 Na6 17. Be3 Nh5 18. Nxa5 Rxf3 19. gxf3 Bg5 20. Kf1 Qf7 21.
Qd1 Rf8 22. Nc4 Nf4 23. Bxf4 Qxf4 24. Kg2 Bh4 25. Rg1 d5 26. Ne3 Nc5 27. Qe2 Nxd3 28. Qxd3 Qxf3+ 29. Kh2 Bxf2 30. Rg2 Bxe3 31. exd5 Bf4+ 0-1

[Event "Late-Titled-Tuesday-Blitz-December-26-2023"]
[Site "Chess.com"]
[Date "2023.12.26"]
[Round "9"]
[White "Msb2"]
[Black "Durarbayli"]
[Result "1-0"]
[WhiteElo "3022"]
[BlackElo "2926"]
[TimeControl "180+1"]
[EndTime "15:42:28 PST"]
[Termination "Msb2 won on time"]

1. d4 d5 2. c4 c6 3. Nf3 Nf6 4. Nc3 e6 5. Qc2 dxc4 6. e4 b5 7. Be2 a5 8. O-O Na6 9. Bg5 h6 10. Bh4 Bb7 11. a4 Nb4 12. Qc1 g5 13. Bg3 Qb6 14.
Be5 Be7 15. d5 exd5 16. Nd4 O-O 17. Nf5 Nd7 18. Nxe7+ Kh7 19. Bd6 d4 20. Bg4 Nd3 21. Bf5+ Kh8 22. Qd2 N7e5 23. Ne2 c5 24. Bxe5+ Nxe5 25. f4 Nd3 26. fxg5 Rae8 27. g6 Kg7 28. Ng3 fxg6 29.
Nxg6 Rxf5 30. Nxf5+ Kg8 31. Qxh6 Qf6 32. Nfe7+ 1-0

[Event "Late-Titled-Tuesday-Blitz-December-26-2023"]
[Site "Chess.com"]
[Date "2023.12.26"]
[Round "9"]
[White "Zampronha1971"]
[Black "wild3000"]
[Result "0-1"]
[WhiteElo "2333"]
[BlackElo "2474"]
[TimeControl "180+1"]
[EndTime "15:42:34 PST"]
[Termination "wild3000 won by checkmate"]

1. e4 e6 2. d4 a6 3. c4 d6 4.
Nc3 Nf6 5. g3 b5 6. cxb5 axb5 7.
Bxb5+ c6 8. Bf1 h5 9. h4 Be7 10.
Nf3 O-O 11. Bg2 Ba6 12. Bf1 Bxf1 13. Kxf1 d5 14. e5 Ng4 15. Qe2 c5 16. Be3 Nc6 17. dxc5 Ncxe5 18. Nxe5 Nxe5 19. Qxh5 Bf6 20. Bd4 Nd7 21.
Bxf6 Nxf6 22. Qg5 d4 23. Ne2 d3 24. Nf4 d2 25. Kg2 Qd4 26. Nh5 Nxh5 27. Qxh5 Qxb2 28. a4 Rfd8 29. Rhd1 Rd5 30. Qe2 Rad8 31. c6 Qc3 32.
a5 Qxc6 33. Kh2 g5 34. hxg5 Rxg5 35. a6 Kg7 36. f4 Rh8+ 37. Kg1 Rxg3+ 38. Kf2 Qg2# 0-1

[Event "Late-Titled-Tuesday-Blitz-December-26-2023"]
[Site "Chess.com"]
[Date "2023.12.26"]
[Round "9"]
[White "Predator0608"]
[Black "GoltsevDmitry2000"]
[Result "0-1"]
[WhiteElo "2544"]
[BlackElo "2682"]
[TimeControl "180+1"]
[EndTime "15:42:35 PST"]
[Termination "GoltsevDmitry2000 won by resignation"]

1. f4 e5 2. fxe5 d6 3. exd6 Bxd6 4. Nf3 Nf6 5. d3 Ng4 6. c3 Nc6 7. Qd2 h6 8. e4 Nce5 9. Kd1 Qf6 10. Qe2 Qg6 11.
d4 Nd3 12. Kc2 Ndf2 13. Rg1 Nxe4 14. Kd1 O-O 15. Kc2 Ng3+ 16. Qd3 Bf5 17. hxg3 Nf2 18. Qxf5 Qxf5+ 19. Kb3 Nd3 20. Nbd2 Bxg3 21. a4 Rfe8 22. Nc4 Nxc1+ 23. Rxc1 Rab8 24. Ncd2 a6 25. Ka2 b5 26. a5 b4 27. Bc4 Qxa5+ 28. Kb1 bxc3 29. Nb3 Qf5+ 30. Rc2 cxb2 31. Rf1 Re3 32. Ne5 Qxf1+ 33. Bxf1 Re1+ 34. Kxb2 Bxe5 35. dxe5 Rxf1 0-1

[Event "Late-Titled-Tuesday-Blitz-December-26-2023"]
[Site "Chess.com"]
[Date "2023.12.26"]
[Round "9"]
[White "GMthekingindian"]
[Black "aranibos"]
[Result "0-1"]
[WhiteElo "2301"]
[BlackElo "2182"]
[TimeControl "180+1"]
[EndTime "15:42:35 PST"]
[Termination "aranibos won on time"]

1. e4 c6 2. c4 d5 3. cxd5 cxd5 4. exd5 Qxd5 5. d4 e6 6. Nc3 Qd8 7. Nf3 Nf6 8. Bd3 Bd6 9. O-O h6 10. Qe2 O-O 11. Ne4 Nxe4 12. Qxe4 f5 13. Qe2 Nc6 14. Bc4 Qf6 15. Rd1 Bd7 16. a3 Kh8 17. b4 Rad8 18.
Bb2 Ne7 19. Ne5 Nd5 20. Qf3 Bc6 21. b5 Be8 22. Bxd5 exd5 23. Qxd5 Bxa3 24. Qb3 Bxb2 25. Qxb2 Qb6 26. Qb4 Bxb5 27. Rab1 a6 28. Qe7 Kg8 29.
d5 Qd6 30. Qxd6 Rxd6 0-1

[Event "Late-Titled-Tuesday-Blitz-December-26-2023"]
[Site "Chess.com"]
[Date "2023.12.26"]
[Round "9"]
[White "GothamChess"]
[Black "Fh2411"]
[Result "1-0"]
[WhiteElo "2682"]
[BlackElo "2537"]
[TimeControl "180+1"]
[EndTime "15:42:36 PST"]
[Termination "GothamChess won on time"]

1. e4 c6 2. d4 d5 3. f3 dxe4 4. fxe4 e5 5. Nf3 Bg4 6. c3 Nd7 7. Bd3 Ngf6 8. O-O Bd6 9. Bg5 h6 10. Bh4 g5 11. Bg3 Qe7 12. Nbd2 Nh5 13. Qe1 Bc7 14.
Nc4 f6 15. Ne3 Be6 16. d5 Nc5 17. Bc2 Bf7 18. b4 Nd7 19. Nf5 Qf8 20. Rd1 cxd5 21. exd5 Bb6+ 22. Bf2 Nf4 23. Ba4 O-O-O 24. c4 Bg6 25.
Bc2 Bxf2+ 26. Rxf2 Kb8 27. c5 Qf7 28. Nd6 Qh7 29.
Bxg6 Qxg6 30. Rfd2 g4 31. Nh4 Qg5 32. Nf7 Qh5 33.
Nxh8 Rxh8 34. c6 Nb6 35. cxb7 Kxb7 36. d6 Rd8 37. Qe4+ Kb8 38. Nf5 Ne6 39. Ne7 1-0

[Event "Late-Titled-Tuesday-Blitz-December-26-2023"]
[Site "Chess.com"]
[Date "2023.12.26"]
[Round "9"]
[White "SergioMoralesG"]
[Black "Schwindle"]
[Result "1/2-1/2"]
[WhiteElo "2434"]
[BlackElo "2415"]
[TimeControl "180+1"]
[EndTime "15:42:40 PST"]
[Termination "Game drawn by repetition"]

1. d4 Nf6 2. c4 e6 3. Nf3 c5 4.
d5 exd5 5. cxd5 d6 6. Nc3 g6 7.
Bf4 a6 8. a4 Bg7 9. h3 O-O 10.
e3 Re8 11. Be2 Ne4 12. Nxe4 Rxe4 13. Rb1 Qa5+ 14. Nd2 Rxa4 15. O-O Be5 16. Bxe5 dxe5 17. Nc4 Rxc4 18. Bxc4 b5 19. Be2 Bf5 20. Ra1 Qb6 21. Qb3 Nd7 22. g4 Be4 23. f3 c4 24. Bxc4 Nc5 25. Qb4 Bd3 26. Bxd3 Nxd3 27. Qd2 e4 28. fxe4 Ne5 29. d6 Rd8 30. Qd4 Qxd6 31. Qxd6 Rxd6 32.
Rfd1 Rc6 33. Rdc1 Rf6 34. Rc8+ Kg7 35. Ra8 Rd6 36. Kf1 Rd2 37. Ke1 Nf3+ 38. Kf1 Nh2+ 39. Ke1 Nf3+ 40. Kf1 Nh2+ 41. Ke1 Nf3+ 1/2-1/2

[Event "Late-Titled-Tuesday-Blitz-December-26-2023"]
[Site "Chess.com"]
[Date "2023.12.26"]
[Round "9"]
[White "micke12a"]
[Black "PushingpawnsNYC"]
[Result "1-0"]
[WhiteElo "2412"]
[BlackElo "2466"]
[TimeControl "180+1"]
[EndTime "15:42:40 PST"]
[Termination "micke12a won by checkmate"]

1. e4 c5 2. Nc3 e6 3. Nge2 a6 4. g3 Qc7 5. d4 cxd4 6. Nxd4 b5 7.
Bg2 Bb7 8. O-O d6 9. Re1 Be7 10. a4 b4 11. Na2 a5 12. c3 bxc3 13. Nxc3 Nf6 14. Bf4 e5 15. Ndb5 Qd8 16. Bg5 O-O 17. Bxf6 gxf6 18. Nd5 Ra6 19. Qg4+ Kh8 20. Rad1 Bc8 21.
Qh5 Be6 22. Bh3 Rc6 23. Bf5 Bxf5 24. Qxf5 Nd7 25. Re3 Rg8 26. g4 Nc5 27. Rh3 Rg6 28.
Kh1 Bf8 29. g5 Qd7 30. Nxf6 Rxf6 31. Qxh7# 1-0

[Event "Late-Titled-Tuesday-Blitz-December-26-2023"]
[Site "Chess.com"]
[Date "2023.12.26"]
[Round "9"]
[White "KorolDimitriy75"]
[Black "BestestBP"]
[Result "0-1"]
[WhiteElo "2324"]
[BlackElo "2203"]
[TimeControl "180+1"]
[EndTime "15:42:40 PST"]
[Termination "BestestBP won on time"]

1. d4 Nf6 2. c4 e6 3. Nc3 Bb4 4. Qc2 d6 5. e4 Nbd7 6. Bd3 b6 7. Ne2 Bb7 8. O-O e5 9. d5 Bxc3 10. Nxc3 h6 11. f3 O-O 12. Be3 Nc5 13. b4 Nxd3 14. Qxd3 a5 15. a3 Qe7 16. Rfc1 Nh5 17. Qd2 Qf6 18. Nb5 Rfc8 19. c5 Ba6 20. cxb6 cxb6 21. Nc7 Ra7 22. Nxa6 Rxc1+ 23. Qxc1 Nf4 24. Qc8+ Kh7 25.
b5 Ng6 26. Rc1 Qh4 27. Bxb6 Re7 28. Bf2 Qf4 29. Qc2 Qg5 30. Qd1 Nf4 31. Bg3 Nh5 32. b6 Rb7 33. Qe1 Rxb6 34. Nc7 Rb2 35. Rd1 Nf4 0-1

[Event "Late-Titled-Tuesday-Blitz-December-26-2023"]
[Site "Chess.com"]
[Date "2023.12.26"]
[Round "9"]
[White "tripledes"]
[Black "thesupera12"]
[Result "0-1"]
[WhiteElo "2226"]
[BlackElo "2398"]
[TimeControl "180+1"]
[EndTime "15:42:50 PST"]
[Termination "thesupera12 won on time"]

1. e4 c6 2. d4 e5 3. Nd2 exd4 4. Ngf3 c5 5. b4 Nc6 6. bxc5 Bxc5 7. Nb3 Bb4+ 8. Bd2 Bxd2+ 9. Qxd2 Nge7 10. Nbxd4 O-O 11. Bc4 Nxd4 12. Nxd4 d5 13. exd5 Nxd5 14. O-O Nb6 15. Bb3 Bf5 16. Rad1 Bg6 17. Qf4 Qe7 18. Rfe1 Qb4 19.
h4 Rfe8 20. Rxe8+ Rxe8 21. Kh2 h5 22. Qg5 Kh7 23. Nf5 Qc5 24. Ne3 Qxg5 25. hxg5 Re5 26.
a4 Rxg5 27. f4 Ra5 28. Rd4 f6 29. Kg3 Rc5 30. Kh4 Kh6 31. Rd8 Rc8 32. Rd4 Rc3 33.
Nf1 Bxc2 34. Bf7 Bxa4 35. Ng3 g6 36. Rd6 Rc6 37. Rd8 Kg7 0-1

[Event "Late-Titled-Tuesday-Blitz-December-26-2023"]
[Site "Chess.com"]
[Date "2023.12.26"]
[Round "9"]
[White "Byniolus"]
[Black "h4parah5"]
[Result "0-1"]
[WhiteElo "2810"]
[BlackElo "2928"]
[TimeControl "180+1"]
[EndTime "15:42:55 PST"]
[Termination "h4parah5 won on time"]

1. d4 Nf6 2. Nf3 e6 3. Bf4 c5 4. c3 Nc6 5. e3 Nh5 6. Bg5 Qb6 7.
Qb3 h6 8. Bh4 g5 9. Bg3 Nxg3 10.
hxg3 g4 11. Nfd2 d5 12. Be2 f5 13. f3 Qc7 14. Nf1 Bd6 15. Kf2 Qg7 16. Na3 a6 17. Qd1 h5 18. Nc2 Bd7 19. f4 c4 20. b3 b5 21.
bxc4 bxc4 22. Rb1 Ke7 23. Nd2 Qf6 24. Rh4 Qf7 25. Qh1 Kf6 26. Rb7 Rab8 27. Rxb8 Nxb8 28. Nb4 a5 29. Nc2 Kg6 30. Qb1 Nc6 31. Qb7 Rb8 32. Qa6 Qe8 33. Rh1 Bc8 0-1

[Event "Late-Titled-Tuesday-Blitz-December-26-2023"]
[Site "Chess.com"]
[Date "2023.12.26"]
[Round "9"]
[White "Korchmar_Vasiliy"]
[Black "Kaua18"]
[Result "1-0"]
[WhiteElo "2790"]
[BlackElo "2559"]
[TimeControl "180+1"]
[EndTime "15:42:59 PST"]
[Termination "Korchmar_Vasiliy won on time"]

1. e4 c5 2. d4 cxd4 3. Qxd4 Nc6 4. Qd3 g6 5. Nc3 Bg7 6. Nf3 d6 7. Be2 Nf6 8. O-O O-O 9. Nd5 Bg4 10. c3 Nd7 11. Bg5 h6 12. Bh4 Re8 13. Rad1 Nc5 14.
Qe3 Ne6 15. h3 Bxf3 16. Bxf3 Kh7 17. Bg4 Ne5 18. Be2 Rc8 19. Qxa7 Ra8 20. Qxb7 Rb8 21. Qa7 Rxb2 22. Rfe1 Nc5 23. Bxe7 Qd7 24. Qxd7 Nexd7 25.
f3 Rxe7 26. Nxe7 Bxc3 27. Bc4 Bxe1 28. Rxe1 Ne5 29. Bd5 Ncd3 30. Rf1 Nf4 31. Rf2 Rb1+ 32. Rf1 Rb2 33. Rf2 Rb1+ 34. Kh2 Ra1 35. Bb3 Nfd3 36. Rd2 g5 37. Nd5 Kg6 38. Ne3 h5 39. Nc4 Ne1 40. Rxd6+ Kg7 41. Nxe5 f6 42. Rd7+ Kh6 43. Nf7+ Kg6 44.
Nd6 Nxf3+ 45. gxf3 1-0

[Event "Late-Titled-Tuesday-Blitz-December-26-2023"]
[Site "Chess.com"]
[Date "2023.12.26"]
[Round "9"]
[White "dennisodessa"]
[Black "Fradi82"]
[Result "1-0"]
[WhiteElo "2502"]
[BlackElo "2302"]
[TimeControl "180+1"]
[EndTime "15:42:59 PST"]
[Termination "dennisodessa won by resignation"]

1. d4 d5 2. c4 e6 3. Nc3 c6 4.
cxd5 exd5 5. Bf4 Qf6 6. e3 Ne7 7. Rc1 Ng6 8. Nxd5 Qd8 9. Nc7+ Kd7 10. Nxa8 Bb4+ 11. Ke2 Nxf4+ 12. exf4 Re8+ 13. Kd3 Kd6 14. Kc2 Re1 15. Qf3 Rxf1 16. Rxf1 Bf5+ 17. Kc1 Qa5 18. Qb3 Bd2+ 19. Kd1 Bb4 20. a3 Bd2 21. Ne2 Nd7 22.
Qxb7 Nb6 23. Qc7+ Kd5 24. Qe5+ Kc4 25. Qxa5 1-0

[Event "Late-Titled-Tuesday-Blitz-December-26-2023"]
[Site "Chess.com"]
[Date "2023.12.26"]
[Round "9"]
[White "norman927"]
[Black "SocoLoco"]
[Result "1-0"]
[WhiteElo "2325"]
[BlackElo "2134"]
[TimeControl "180+1"]
[EndTime "15:42:59 PST"]
[Termination "norman927 won by resignation"]

1. e4 c5 2. Nf3 e6 3. d4 cxd4 4. Nxd4 Nf6 5. Nc3 Nc6 6. Ndb5 d6 7. Bf4 e5 8. Bg5 a6 9. Na3 b5 10. Bxf6 gxf6 11. Nd5 Bg7 12. Bd3 Be6 13. c3 Ne7 14. Nxe7 Qxe7 15. Nc2 O-O 16. Ne3 Rfd8 17. Qh5 Rac8 18.
O-O Rc5 19. a4 d5 20. exd5 Bxd5 21. Bxh7+ Kf8 22. Nf5 Qb7 23. Qg4 Ke8 24. Nxg7+ Ke7 25.
Nf5+ Kd7 26. Nd4+ Kc7 27. axb5 axb5 28. b4 Rc4 29. Qg3 Rh8 30. Ra7 Rxh7 31. Rxb7+ Kxb7 32. Nxb5 Rh6 33. Nd6+ Kc6 34. Nxc4 Rg6 35. Qxg6 fxg6 36. Ne3 Be4 37. f3 Bd3 38. Rd1 Ba6 39. c4 Bc8 40.
b5+ Kc5 41. Rd5+ Kb6 42. Rd6+ 1-0

[Event "Late-Titled-Tuesday-Blitz-December-26-2023"]
[Site "Chess.com"]
[Date "2023.12.26"]
[Round "9"]
[White "Sacbutt"]
[Black "Championnn-9"]
[Result "0-1"]
[WhiteElo "2362"]
[BlackElo "2516"]
[TimeControl "180+1"]
[EndTime "15:43:02 PST"]
[Termination "Championnn-9 won on time"]

1. e4 c6 2. d4 d5 3. Nc3 dxe4 4. Nxe4 Nf6 5. Nxf6+ gxf6 6. Nf3 Rg8 7. Bf4 Bf5 8. Bg3 Qb6 9. Qc1 Nd7 10. Be2 h5 11.
O-O O-O-O 12. a4 a5 13. c3 e5 14. dxe5 fxe5 15. Nxe5 Nxe5 16. Bxe5 Be4 17. g3 Be7 18.
b4 h4 19. bxa5 Qxa5 20. Qf4 f5 21. Bc4 Rg6 22. Rfd1 hxg3 23. hxg3 Bg5 24. Qxg5 Rxg5 25. Be6+ Rd7 26. Bxd7+ Kd8 27. Bf6+ Kc7 28. Bxg5 Qxc3 29. Bf4+ Kb6 30. g4 Qh3 31. Rdb1+ Ka6 32. f3 Qxf3 0-1

[Event "Late-Titled-Tuesday-Blitz-December-26-2023"]
[Site "Chess.com"]
[Date "2023.12.26"]
[Round "9"]
[White "Inepton_Fermion"]
[Black "campochess"]
[Result "1-0"]
[WhiteElo "2399"]
[BlackElo "2163"]
[TimeControl "180+1"]
[EndTime "15:43:02 PST"]
[Termination "Inepton_Fermion won by resignation"]

1. e4 c5 2. Nf3 Nc6 3. d4 cxd4 4. Nxd4 e5 5. Nb5 a6 6. Nd6+ Bxd6 7. Qxd6 Qe7 8. Qd2 Nf6 9. Nc3 d6 10. Bc4 Be6 11. Bb3 Nd4 12. O-O O-O 13. f4 Rac8 14.
Qe1 Bc4 15. Bxc4 Rxc4 16. fxe5 Qxe5 17. Bf4 Qc5 18. Be3 Qb4 19. Bxd4 Rxd4 20. Rxf6 gxf6 21. Qg3+ Kh8 22. Nd5 Rxd5 23. exd5 Qd4+ 24. Qf2 Qxf2+ 25. Kxf2 Rc8 26. c3 Rc5 27. Rd1 Kg7 28. Ke3 Rc4 29. Rd4 Rc7 30. Rg4+ Kf8 31. Kd4 Re7 32. Re4 Re5 33. c4 b6 34. b4 Rg5 35. g3 Rf5 36. Rf4 Re5 37. Rxf6 Ke7 38. Rf4 Rh5 39. Rh4 Rf5 40.
Re4+ Kd7 41. Rf4 Rxf4+ 42. gxf4 f5 43. c5 bxc5+ 44. bxc5 dxc5+ 45. Kxc5 a5 46. a4 Kc7 47. d6+ Kd7 48. Kd5 Kd8 49. Ke6 Ke8 50. Kxf5 1-0

[Event "Late-Titled-Tuesday-Blitz-December-26-2023"]
[Site "Chess.com"]
[Date "2023.12.26"]
[Round "9"]
[White "WindWhistler11"]
[Black "Alexei_Gubajdullin"]
[Result "0-1"]
[WhiteElo "2485"]
[BlackElo "2603"]
[TimeControl "180+1"]
[EndTime "15:43:05 PST"]
[Termination "Alexei_Gubajdullin won on time"]

1. Nf3 Nf6 2. c4 g6 3. g3 Bg7 4. Bg2 O-O 5. O-O d6 6. Nc3 Nbd7 7. Rb1 e5 8. b4 h5 9. d3 a5 10. a3 axb4 11. axb4 Nh7 12. d4 exd4 13. Nxd4 h4 14. Be3 Ne5 15. c5 Ng4 16. c6 bxc6 17. Nxc6 Nxe3 18.
Nxd8 Nxd1 19. Nxd1 Ra2 20. Nc6 Rxe2 21. Bf3 Ree8 22. Ne3 Ng5 23. Bd5 Bh3 24. Rfc1 Be6 25. gxh4 Bxd5 26. Nxd5 Nf3+ 27. Kf1 Nd2+ 28. Kg2 Nxb1 29.
Rxb1 Re2 30. b5 Ra8 31. Nxc7 Raa2 32. Rf1 Rab2 33. Ne7+ Kh7 34. Ned5 Bd4 35. Kf3 f5 36. Ne3 Bxe3 37. fxe3 Rec2 38. Ne8 Rxb5 39. Nxd6 Rbb2 40. Nf7 Rxh2 41. Rd1 Rh3+ 42. Kf4 Rxh4+ 43. Kg5 Rg4+ 44. Kf6 Rb6+ 45. Nd6 f4 46. Kf7 g5 0-1

[Event "Late-Titled-Tuesday-Blitz-December-26-2023"]
[Site "Chess.com"]
[Date "2023.12.26"]
[Round "9"]
[White "GP9isback23"]
[Black "GABUZYAN_CHESSMOOD"]
[Result "0-1"]
[WhiteElo "2641"]
[BlackElo "2903"]
[TimeControl "180+1"]
[EndTime "15:43:08 PST"]
[Termination "GABUZYAN_CHESSMOOD won by resignation"]

1. d4 Nf6 2. Nf3 b6 3. g3 Bb7 4.
Bg2 e6 5. O-O Be7 6. c4 O-O 7. Nc3 d5 8. Ne5 Nbd7 9. Bf4 c6 10.
Nxd7 Qxd7 11. cxd5 cxd5 12. Rc1 b5 13. Nb1 Rfc8 14.
Qd3 b4 15. Nd2 a5 16. Nb3 Ba6 17. Qd2 Bc4 18. Na1 Ne4 19. Bxe4 dxe4 20. b3 Bd5 21.
Be3 a4 22. Rxc8+ Rxc8 23. Rc1 Ra8 24. Qc2 h5 25. h4 Bd6 26. Qb2 Qb5 27. Kf1 Qa6 28.
Nc2 axb3 29. axb3 Qa2 30. Rb1 Qa6 31. Ra1 Qb7 32. Rxa8+ Qxa8 33. Bd2 e3 34. Nxe3 Bxb3 35. Kg1 Qa3 36. Qb1 Ba2 37. Qc1 Qa6 38. Kf1 Qb7 39.
Kg1 b3 40. Qb2 Ba3 41. Qxa3 b2 42. Qxa2 b1=Q+ 43. Qxb1 Qxb1+ 44. Nf1 f6 45. Kg2 Qe4+ 46. Kg1 Qxd4 47. Be3 Qc4 48. Kg2 Qxe2 49. Kg1 0-1